 Dungeon Crawl Stone Soup version 0.29-a0-414-g5075937ec3 (webtiles) character file.

Game seed: 16068312372752140673

6 purpskrrrp the Sneak (level 1, 0/20 HPs)
             Began as a Hill Orc Delver on May 15, 2022.
             Slain by an orc
             ... wielding a +0 short sword
              (4 damage)
             ... on level 4 of the Dungeon.
             The game lasted 00:00:59 (57 turns).

purpskrrrp the Sneak (Hill Orc Delver)                Turns: 57, Time: 00:00:59

Health: 0/20       AC:  3    Str: 14    XL:     1   Next: 90%
Magic:  1/1        EV: 11    Int: 10    God:
Gold:   9          SH:  0    Dex: 12    Spells: 0/0 levels left

rFire   . . .      SeeInvis .   h - +0 flail
rCold   . . .      Faith    .   (no shield)
rNeg    . . .      Spirit   .   b - +0 leather armour
rPois   .          Reflect  .   (no helmet)
rElec   .          Harm     .   (no cloak)
rCorr   .          Rampage  .   (no gloves)
Will    .....                   (no boots)
Stlth   ++........              (no amulet)
HPRegen 0.06/turn               (no ring)
MPRegen 0.07/turn               (no ring)

@: hasted, very quick
A: no striking features
a: Convert to Beogh


You were on level 4 of the Dungeon.
You visited 1 branch of the dungeon, and saw 2 of its levels.

You collected 9 gold pieces.

Inventory:

Hand Weapons
 a - a +0 hand axe
 h - a +0 flail (weapon)
Armour
 b - a +0 leather armour (worn)
Wands
 g - a wand of digging (3)
Scrolls
 c - a scroll of fog
 d - a scroll of magic mapping
 e - a scroll of fear


   Skills:
 + Level 3.6 Fighting
 + Level 2.7(2.8) Axes
 + Level 0.7(1.5) Maces & Flails
 + Level 1.5 Dodging
 + Level 4.2 Stealth


You couldn't memorise any spells.
You didn't know any spells.
Your spell library was empty.

Dungeon Overview and Level Annotations

Branches:
Dungeon (5/15)
 Temple: D:4-7

Altars:
Cheibriados
Gozag
Kikubaaqudgha
Okawaru
Sif Muna
Trog
Uskayaw
Zin
The Shining One


Message History

You sock the orc!
You kill the orc!
The orc priest looks encouraged for a moment.
The orc barely misses you.
Things that are here:
a +0 dagger; a +0 leather armour; an orc corpse You barely miss the orc.
The orc closely misses you.
You hit the orc.
The orc is heavily wounded.
The orc closely misses you. x2; The orc barely misses you.
You thump the orc!
You kill the orc!
You hit the orc.
The orc is severely wounded.
The orc hits you with a +0 short sword. The orc misses you.
You can't go down here!
You hit the orc.
You kill the orc!
The orc hits you with a +0 short sword.
The orc priest hits you with a +0 flail.
The orc priest threatens, "By the altar or by the axe, you will meet Beogh!"
You hit the orc.
The orc is lightly wounded.
The orc hits you but does no damage. The orc priest barely misses you.
You barely miss the orc.
The orc is lightly wounded.
The orc hits you with a +0 short sword. The orc priest completely misses you.
You closely miss the orc.
The orc is lightly wounded.
The orc barely misses you.
The orc priest hits you with a +0 flail.
* * * LOW HITPOINT WARNING * * *
You closely miss the orc.
The orc is lightly wounded.
The orc closely misses you. The orc priest barely misses you.
You hit the orc but do no damage.
The orc is lightly wounded.
The orc priest miscasts a cantrip.
The orc hits you with a +0 short sword.
You die...

#........(.....#
#.............>#
#.............##
#.............#
###...###.......#
#.......#.#######
#.8.⌠.8.#.#
#.......#.#
#._@_._.#
#.)oo...#
#._._._.#
#.......#
#._._._.#
#.......#
#.8.⌠.8.#
#.......#


You could see an orc priest and an orc.

Vanquished Creatures
  3 orcs (D:4)
3 creatures vanquished.

Notes
Turn   | Place    | Note
-------+----------+-------------------------------------------
     0 | D:5      | purpskrrrp the Hill Orc Delver began the quest for the Orb.
     0 | D:5      | Reached XP level 1. HP: 19/19 MP: 1/1
    33 | D:4      | Found an opulent altar of Gozag.
    33 | D:4      | Found a glowing silver altar of Zin.
    35 | D:4      | Found an ancient bone altar of Kikubaaqudgha.
    35 | D:4      | Found a shimmering blue altar of Sif Muna.
    35 | D:4      | Found a snail-covered altar of Cheibriados.
    35 | D:4      | Found a glowing golden altar of the Shining One.
    37 | D:4      | Found an iron altar of Okawaru.
    37 | D:4      | Found a bloodstained altar of Trog.
    37 | D:4      | Found a hide-covered altar of Uskayaw.
    44 | D:4      | Noticed an orc priest
    57 | D:4      | Slain by an orc

Illustrated notes

Levels and vault maps discovered:
D:4:      layout_basic, overflow_temple_1_default, nicolae_overflows_in_rows,
          nicolae_wu_jian_wuxing_cycle, uniq_pikel
D:5:      layout_gridville, serial_shops, shop, serial_glass, glass_columns_a,
          glass_columns_b, kennysheep_generic_room_4, uniq_duvessa,
          uniq_crazy_yiuf_cottage

Action                   || total
-------------------------++-------
Melee: Flail             ||    16
  Use: Potion            ||     1
Armor: Leather armour    ||     1
Dodge: Dodged            ||    13

Table legend: (Time is in decaauts)
 A = Elapsed time spent in this place.
 B = Non-inter-level travel time spent in this place.
 C = Inter-level travel time spent in this place.
 D = Time resting spent in this place.
 E = Time spent auto-exploring this place.
 F = Levels seen in this place.
 G = Mean time per level.
                   A        B        C        D        E       F      G
               +--------+--------+--------+--------+--------+-----+--------+
         Total |     54 |     33 |     21 |      0 |     10 |   2 |   27.0 |
       Dungeon |     54 |     33 |     21 |      0 |     10 |   2 |   27.0 |
               +--------+--------+--------+--------+--------+-----+--------+

Top non-repeatable levels by time:
     D:4: 40 daAuts
     D:5: 13 daAuts
